 Dungeon Crawl Stone Soup version 0.18.1-50-g88ac8fd (webtiles) character file.

77 Gullah the Chopper (level 4, 0/40 HPs)
             Began as a Minotaur Berserker on Sept 16, 2016.
             Was a Believer of Trog.
             Succumbed to a gnoll's poison
             ... on level 2 of the Dungeon.
             The game lasted 00:06:10 (1729 turns).

Gullah the Chopper (Minotaur Berserker)             Turns: 1729, Time: 00:06:11

Health: 0/40       AC:  9    Str: 22    XL:     4   Next: 14%
Magic:  3/3        EV: 10    Int:  4    God:    Trog [**....]
Gold:   73         SH:  0    Dex: 10    Spells: 0 memorised, 3 levels left

rFire  . . .     SeeInvis .     a - +0 hand axe
rCold  + . .     Gourm    .     i - +1 scale mail
rNeg   . . .     Faith    .     (no shield)
rPois  .         Spirit   .     (helmet restricted)
rElec  .         Dismiss  .     k - +0 cloak
rCorr  .         Reflect  .     (no gloves)
SustAt .         Harm     .     (no boots)
MR     .....                    (no amulet)
Stlth  ..........               (no ring)
                                q - ring of protection from cold

@: lethally poisoned (0 -> -22), drained, not resistant to hostile enchantments,
extremely unstealthy
A: retaliatory headbutt, horns 2
a: Berserk, Trog's Hand, Burn Spellbooks, Renounce Religion


You were on level 2 of the Dungeon.
You worshipped Trog.
Trog was pleased with you.
You were hungry.

You visited 1 branch of the dungeon, and saw 2 of its levels.

You collected 73 gold pieces.

Inventory:

Hand Weapons
 a - a +0 hand axe (weapon)
Armour
 i - a +1 scale mail (worn)
 k - a +0 cloak (worn)
Jewellery
 q - a ring of protection from cold (left hand)
Scrolls
 g - a scroll of noise {unknown}
 j - a scroll of recharging {unknown}
 m - a scroll of fog {unknown}
 n - a scroll of blinking {unknown}
 p - a scroll of random uselessness {unknown}
Potions
 b - a potion of might
 e - a potion of curing {unknown}
 h - a potion of heal wounds {unknown}
 l - a potion of brilliance {unknown}
 r - a potion of agility {unknown}
Comestibles
 c - a bread ration
 f - 2 meat rations


   Skills:
 + Level 4.1(4.0) Fighting
 + Level 4.7(4.6) Axes
 * Level 3.5(3.4) Armour
 + Level 2.6(2.5) Dodging


You had 3 spell levels left.
You didn't know any spells.

Dungeon Overview and Level Annotations

Branches:
Dungeon (2/15)

Altars:


Innate Abilities, Weirdness & Mutations

You reflexively headbutt those who attack you in melee.
You have a pair of horns on your head.


Message History

You closely miss the gnoll. You headbutt the gnoll.
The gnoll is severely wounded.
You feel very sick. The gnoll hits you with a flail!
* * * LOW HITPOINT WARNING * * *
The gnoll hits you but does no damage.
You are too injured to fight recklessly!
There is a lethal amount of poison in your body!
As you read the scroll labeled MOMPUID OKLA, it crumbles to dust.
You feel blessed for a moment.
It was a scroll of remove curse.
* * * LOW HITPOINT WARNING * * *
You feel sick. The gnoll hits you but does no damage.
The gnoll closely misses you.
The gnoll hits you from afar with a spear.
* * * LOW HITPOINT WARNING * * *
As you read the scroll labeled PATUOL PEUNEARGH, it crumbles to dust.
It is a scroll of enchant armour.
Enchant which item? (? for menu, Esc to quit)
Your +0 scale mail glows green for a moment.
You die...

....... #.. . ##.. .. .#
#..# .$. .# #..# ...g #.#
###.. .....######.# #....
.....gg.##..### ..#....
.......g@......## ..#....
....!.#####..##..# ..)....
..... ##.###.# #......
#...## ##.....####.....
###...#####.........#.....
###........##......##.......
...................####.....
#...................###....#
#..........................#


You could see 3 gnolls and a hobgoblin.

Vanquished Creatures
  4 gnolls (D:2)
  2 worms
  2 giant geckos (D:1)
  2 giant cockroaches (D:1)
  5 goblins
  6 hobgoblins
  4 bats (D:1)
  4 kobolds
  3 rats
32 creatures vanquished.

Notes
Turn   | Place    | Note
--------------------------------------------------------------
     0 | D:1      | Gullah the Minotaur Berserker began the quest for the Orb.
     0 | D:1      | Reached XP level 1. HP: 19/19 MP: 0/0
   542 | D:1      | Reached XP level 2. HP: 25/27 MP: 1/1
  1242 | D:2      | Reached XP level 3. HP: 28/33 MP: 2/2
  1394 | D:2      | Reached ** piety under Trog
  1607 | D:2      | Reached XP level 4. HP: 40/40 MP: 3/3
  1728 | D:2      | HP: 1/40 [gnoll/spear (3)]
  1729 | D:2      | Succumbed to a gnoll's poison

Skill      XL: |  1  2  3 |
---------------+----------+-----
Axes           | 4 |  4.7
Armour         | 3 |  3.5
Fighting       | 4 |  4.1
Dodging        | |  2.6

Action                   |  1- 3 |  4- 6 || total
-------------------------+-------+-------++-------
Melee: Hand axe          |    81 |     5 ||    86
       Headbutt          |    11 |     2 ||    13
  Use: Scroll            |       |     2 ||     2
  Eat: Chunk             |     2 |       ||     2
Armor: Animal skin       |     4 |       ||     4
       Scale mail        |    19 |     6 ||    25
Dodge: Dodged            |    37 |     1 ||    38
